 Dungeon Crawl Stone Soup version 0.27.1-33-g824d729ab1 (webtiles) character file.

Game seed: 13709802534768502452

51 zeram the Caller (level 3, 0/21 HPs)
             Began as an Octopode Summoner on Dec 25, 2021.
             Succumbed to an adder's poison
             ... on level 4 of the Dungeon.
             The game lasted 00:02:32 (1631 turns).

zeram the Caller (Octopode Summoner)                Turns: 1631, Time: 00:02:32

Health: 0/21       AC:  2    Str:  5 (7)  XL:     3   Next: 83%
Magic:  6/6        EV: 13    Int: 16 (18) God:
Gold:   124        SH:  0    Dex:  9 (12) Spells: 0/6 levels left

rFire    + . .     SeeInvis .   b - +0 dagger (venom)
rCold    . . .     Faith    .   (no shield)
rNeg     . . .     Spirit   .   (helmet restricted)
rPois    .         Reflect  .   (no amulet)
rElec    .         Harm     .   (no ring)
rCorr    .         Rampage  .   (no ring)
Will     .....                  (no ring)
Stlth    +++.......             (no ring)
HPRegen  0.07/turn              (no ring)
MPRegen  0.10/turn              (no ring)
                                (no ring)
                                (no ring)

@: lethally poisoned (0 -> -2), very slightly contaminated, invisible
A: almost no armour, amphibious, 8 rings, camouflage 1, gelatinous body 1,
(nimble swimmer 1), tentacles, fire resistance 1, screaming 1, shaggy fur 1,
wild magic 1
a: no special abilities


You were on level 4 of the Dungeon.
You visited 1 branch of the dungeon, and saw 3 of its levels.

You collected 124 gold pieces.

Inventory:

Hand Weapons
 b - a +0 dagger of venom (weapon)
Magical Staves
 a - a staff of air
Scrolls
 h - a scroll of noise


   Skills:
 - Level 2.0 Dodging
 - Level 2.6 Stealth
 - Level 2.0 Spellcasting
 + Level 5.3 Summonings


You couldn't memorise any spells.
You knew the following spells:

 Your Spells              Type           Power      Damage    Failure   Level
a - Summon Small Mammal   Summ           96%        N/A       4%          1
b - Call Imp              Summ           24%        N/A       6%          2
c - Call Canine Familiar  Summ           24%        N/A       11%         3

Your spell library contained the following spells:

 Spells                   Type           Power      Damage    Failure   Level
 Sandblast                Erth           4%         2d4       28%         1
 Summon Guardian Golem    Hex/Summ       13%        N/A       28%         3
 Passwall                 Tmut/Erth      1%         N/A       38%         2
 Summon Lightning Spire   Summ/Air       13%        N/A       65%         4
 Lee's Rapid Deconstruct  Erth           1%         3d5*      100%        5
 Conjure Ball Lightning   Conj/Air       1%         3x3d6     100%        6
 Discord                  Hex            1%         N/A       100%        8
 Disjunction              Tloc           1%         N/A       100%        8


Dungeon Overview and Level Annotations

Branches:
Dungeon (2/15)

Altars:


Innate Abilities, Weirdness & Mutations

You cannot wear most types of armour.
You are amphibious.
You can wear up to eight rings at the same time.
Your skin changes colour to match your surroundings (Stealth+).
Your rubbery body absorbs attacks. (AC +1, EV +1)
((You are camouflaged near water. (Stealth+)))
You have tentacles for arms and can constrict up to eight enemies at once.
Your flesh is heat resistant. (rF+)
You occasionally shout uncontrollably at your foes.
You are covered in fur. (AC +1)
Your spells are a little harder to cast, but a little more powerful.


Message History

It is a scroll of identify.
h - a scroll of noise
Okay, then.
An adder comes into view.
The adder hisses angrily.
You hit the adder.
The adder is poisoned.
You grab the adder.
The adder is lightly wounded.
You constrict the adder. The adder bites you.
You are poisoned.
The adder poisons you!
You hit the adder.
The adder is heavily wounded.
You constrict the adder.
You feel sick. The adder bites you. x2
You are lethally poisoned!
The adder poisons you!
You hit the adder.
The adder looks even sicker.
The adder is almost dead.
You constrict the adder.
You kill the adder!
* * * LOW HITPOINT WARNING * * *
You feel sick.
It was a potion of mutation.
You feel extremely strange. Fur sprouts all over your body.
You feel less in control of your magic.
You feel the urge to shout.
You feel resistant to heat.
* * * LOW HITPOINT WARNING * * *
You feel sick.
It was a potion of invisibility.
You fade into invisibility!
* * * LOW HITPOINT WARNING * * *
You feel sick.
You are very lightly contaminated with residual magic.
It was a potion of degeneration.
There was something very wrong with that liquid.
You feel weakened.
You feel dopey.
You feel clumsy.
* * * LOW HITPOINT WARNING * * *
You feel sick.
It was a potion of magic.
Magic courses through your body.
* * * LOW HITPOINT WARNING * * *
You feel sick.
You die...

.##.# ## ###
..... ##.###.##
#..... ##.....^.#
......
#...@....##......
###...#..........
#†.##.........#
....##...##...
...##..#.### .8
#... ...### .
...# ...# .#.
..#.. # .. ..


There were no monsters in sight!

Vanquished Creatures
  2 adders
  A dart slug (D:1)
  2 bats (D:1)
  An endoplasm (D:1)
  2 giant cockroaches
  7 hobgoblins
  A quokka (D:1)
  A frilled lizard (D:1)
  5 goblins
  2 kobolds (D:1)
  5 rats
29 creatures vanquished.

Vanquished Creatures (collateral kills)
  A goblin (D:2)
1 creature vanquished.

Grand Total: 30 creatures vanquished

Notes
Turn   | Place    | Note
-------+----------+-------------------------------------------
     0 | D:1      | zeram the Octopode Summoner began the quest for the Orb.
     0 | D:1      | Reached XP level 1. HP: 11/11 MP: 3/3
   224 | D:1      | Reached XP level 2. HP: 17/17 MP: 5/5
   242 | D:1      | Found a faded altar of an unknown god.
   877 | D:2      | Reached skill level 5 in Summonings
   877 | D:2      | Reached XP level 3. HP: 10/21 MP: 6/6
  1130 | D:2      | Learned a level 2 spell: Call Imp
  1134 | D:2      | Learned a level 3 spell: Call Canine Familiar
  1613 | D:2      | You fall into a shaft and drop 2 floors!
  1627 | D:4      | Gained mutation: You are covered in fur. (AC +1) [potion of
                  | mutation]
  1627 | D:4      | Gained mutation: Your spells are a little harder to cast,
                  | but a little more powerful. [potion of mutation]
  1627 | D:4      | Gained mutation: You occasionally shout uncontrollably at
                  | your foes. [potion of mutation]
  1627 | D:4      | Gained mutation: Your flesh is heat resistant. (rF+)
                  | [potion of mutation]
  1630 | D:4      | HP: 1/21 [poisoned by an adder]
  1631 | D:4      | Succumbed to an adder's poison

Illustrated notes

Levels and vault maps discovered:
D:1:      lemuel_arrival_hallway, layout_basic, ebering_ecumenical_altar_box
D:2:      layout_loops_ring, grunt_ministairs_14
D:4:      layout_cave_pools, nicolae_elyvilon_temple_path, slow_altar_2,
          uniq_robin

Skill      XL: |  1  2 |
---------------+-------+-----
Summonings     | 5 |  5.3
Dodging        | |  2.0
Stealth        | |  2.6
Spellcasting   | |  2.0

Action                   || total
-------------------------++-------
Melee: Dagger            ||    49
       Constrict         ||    23
       Staff             ||     3
       Tentacles         ||    15
 Cast: Summon Small Mamm ||     5
  Use: Scroll            ||     3
       Potion            ||     4
 Stab: Sleeping          ||     5
Armor: Skin              ||     3
Dodge: Dodged            ||    20
